 Dungeon Crawl Stone Soup version 0.30.1-9-gdf580d7c3d (webtiles) character file.

Game seed: 15502972904034390015

9 Chiseanne the Chucker (level 2, 20/20 HPs)
             Began as a Demonspawn Wanderer on Oct 4, 2023.
             Quit the game on level 1 of the Dungeon.
             The game lasted 00:00:52 (357 turns).

Chiseanne the Chucker (Demonspawn Wanderer)          Turns: 357, Time: 00:00:52

Health: 20/20      AC:  3    Str: 14    XL:     2   Next: 6%
Magic:  3/3        EV: 10    Int: 13    God:
Gold:   15         SH:  6    Dex: 10    Spells: 3/3 levels left

rFire   . . .        a - +0 whip
rCold   . . .        c - +2 buckler
rNeg    . . .        e - +0 leather armour
rPois   .            (no helmet)
rElec   .            (no cloak)
rCorr   .            (no gloves)
SInv    .            (no boots)
Will    .....        (no amulet)
Stlth   +            (no ring)
HPRegen 0.23/turn    (no ring)
MPRegen 0.08/turn

%: no passive effects
@: no status effects
A: claws 1
a: no special abilities


You were on level 1 of the Dungeon.
You visited 1 branch of the dungeon, and saw 1 of its levels.

You collected 15 gold pieces.

Inventory:

Hand Weapons
 a - a +0 whip (weapon)
Missiles
 b - 12 poisoned darts (quivered)
 f - a stone
Armour
 c - a +2 buckler (worn)
 e - a +0 leather armour (worn)
Scrolls
 d - a scroll of fog
 g - 2 scrolls of immolation
 i - a scroll of teleportation {unknown}
 j - a scroll of identify {unknown}
Potions
 h - 2 potions of brilliance {unknown}


   Skills:
 * Level 0.8 Fighting
 - Level 2.6 Throwing
 - Level 1.7 Armour
 * Level 0.7 Dodging
 * Level 2.0 Shields
 - Level 1.0 Spellcasting
 - Level 2.1 Necromancy


You had 3 spell levels left.
You didn't know any spells.
Your spell library contained the following spells:

 Spells                   Type           Power      Damage    Failure   Level
 Sublimation of Blood     Necr           6%         N/A       28%         2
 Cigotuvi's Dreadful Rot  Necr/Pois/Air  4%         N/A       47%         2


Dungeon Overview and Level Annotations

Branches:
Dungeon (1/15)

Altars:


Innate Abilities, Weirdness & Mutations

You have sharp fingernails.


Message History

The ball python bites you. The ball python constricts you.
The ball python barely misses you. The ball python constricts you.
You hit the ball python.
The ball python is moderately wounded.
You block the ball python's attack. The ball python constricts you.
You hit the ball python.
You kill the ball python!
Your Shields skill increases to level 2!
Things that are here:
a +0 dagger; a ball python corpse; a kobold corpse A goblin comes into view.
It is wielding a +0 dagger.
Found a scroll labelled XYBBYA ATHREAMN.
The goblin shouts!
You barely miss the goblin. The goblin hits you with a +0 dagger.
You closely miss the goblin. The goblin hits you but does no damage.
You hit the goblin.
The goblin is moderately wounded.
You block the goblin's attack. The goblin hits you but does no damage.
You hit the goblin.
The goblin is heavily wounded.
The goblin hits you with a +0 dagger.
You hit the goblin.
You kill the goblin!
You have reached level 2!
Your demonic ancestry asserts itself...
Your fingernails lengthen.
i - a scroll labelled DIR PAUNUAZUO
j - a scroll labelled XYBBYA ATHREAMN You open the door.
There is an open door here.
You now have 15 gold pieces.
A hobgoblin comes into view.
The hobgoblin shouts!
You barely miss the hobgoblin. The hobgoblin closely misses you.
You hit the hobgoblin.
The hobgoblin is severely wounded.
You block the hobgoblin's attack.
You hit the hobgoblin.
You kill the hobgoblin!
Are you sure you want to abandon this character and quit the game? (Confirm with "yes".)

#.# #.# #.#
#.# #.# #.#
#.#
#.##.#####.#
.......@...#
####.#######


There were no monsters in sight!

Vanquished Creatures
  A goblin (D:1)
  A hobgoblin (D:1)
  2 ball pythons (D:1)
  A bat (D:1)
  2 kobolds (D:1)
  4 rats (D:1)
11 creatures vanquished.

Notes
Turn   | Place    | Note
-------+----------+-------------------------------------------
     0 | D:1      | Chiseanne the Demonspawn Wanderer began the quest for the
                  | Orb.
     0 | D:1      | Chiseanne set off with the following items: a +0 dagger, 12
                  | poisoned darts, a +2 buckler, a scroll of fog, a +0 leather
                  | armour; and the following spells available to memorise:
                  | Sublimation of Blood, Cigotuvi's Dreadful Rot.
     0 | D:1      | Reached XP level 1. HP: 13/13 MP: 2/2
   184 | D:1      | Found a faded altar of an unknown god.
   265 | D:1      | Gained mutation: You have sharp fingernails. [demonic
                  | ancestry]
   265 | D:1      | Reached XP level 2. HP: 15/20 MP: 3/3
   357 | D:1      | Quit the game

Illustrated notes

Levels and vault maps discovered:
D:1:      elethiomel_arrival_diamonds, layout_basic,
          hellmonk_ecumenical_altar_blasted, st_stairs_14

Skill      XL: |  1 |
---------------+----+-----
Shields        | 2 |  2.0
Fighting       | |  0.8
Throwing       | |  2.6
Armour         | |  1.7
Dodging        | |  0.7
Spellcasting   | |  1.0
Necromancy     | |  2.1

Action                     || total
---------------------------++-------
  Melee: Whip              ||    31
         Dagger            ||    19
 Armour: Leather armour    ||    10
  Dodge: Dodged            ||    16
  Block: Buckler           ||    14
